 Dungeon Crawl Stone Soup version 0.26-a0-662-g8b9c6dab81 (webtiles) character file.

Game seed: 5528976952945390485

244548 Grenfur the Severer (level 18, -3/176 HPs)
             Began as a Minotaur Berserker on Oct 8, 2020.
             Was a High Priest of Trog.
             Slain by a spriggan berserker
             ... wielding a +0 hand axe
              (10 damage)
             ... on level 14 of the Dungeon on Oct 9, 2020.
             The game lasted 02:51:18 (43827 turns).

Grenfur the Severer (Minotaur Berserker)           Turns: 43827, Time: 02:51:19

Health: -3/176     AC: 33    Str: 38    XL:     18   Next: 74%
Magic:  17/17      EV: 18    Int:  4    God:    Trog [*****.]
Gold:   2628       SH:  0    Dex: 12    Spells: 17/17 levels left

rFire    + . .     SeeInvis .   U - +12 battleaxe of the Badger {speed, rC+ Str+6 Dex-4}
rCold    + + .     Faith    .   (shield currently unavailable)
rNeg     + + .     Spirit   .   Y - +1 plate armour {rN+}
rPois    .         Reflect  .   C - +0 hat "Geaqixzu" {rC+}
rElec    .         Harm     .   R - +2 cloak {rF+}
rCorr    .         Rampage  .   y - +1 pair of gloves
MR       ++++.                  t - +0 pair of boots
Stlth    ..........             w - amulet of magic regeneration
HPRegen  1.39/turn              p - ring of Heresy {rN+ MR+ Str+8}
MPRegen  0.40/turn              k - ring of Myhaimor {AC+4 Slay+3}

@: regenerating
A: retaliatory headbutt, horns 2, slimy green scales 1, blurry vision 1,
mutation resistance 1, sturdy frame 1
}: 2/15 runes: decaying, serpentine
a: Berserk, Trog's Hand, Brothers in Arms, Renounce Religion


You were on level 14 of the Dungeon.
You worshipped Trog.
Trog was extremely pleased with you.
You visited 5 branches of the dungeon, and saw 30 of its levels.
You also visited: Gauntlet, Ice Cave and Volcano.

You collected 4505 gold pieces.
You spent 1877 gold pieces at shops.

Inventory:

Hand Weapons
 s - a +2 battleaxe of flaming
 U - the +12 battleaxe of the Badger (weapon) {speed, rC+ Str+6 Dex-4}
   (You found it in a Gauntlet)

   Attacks with this weapon are significantly faster.
   It affects your strength (+6).
   It affects your dexterity (-4).
   It protects you from cold.
Armour
 t - a +0 pair of boots (worn)
 y - a +1 pair of gloves (worn)
 C - the +0 hat "Geaqixzu" (worn) {rC+}
   (You found it in a Gauntlet)

   It protects you from cold.
 R - a +2 cloak of fire resistance (worn)
 Y - a +1 plate armour of positive energy (worn)
Jewellery
 k - the ring of Myhaimor (right hand) {AC+4 Slay+3}
   (You found it on level 2 of the Swamp)

   [ring of protection]

   It affects your AC (+4).
   It affects your accuracy and damage with ranged weapons and melee attacks
   (+3).
 p - the ring of Heresy (left hand) {rN+ MR+ Str+8}
   (You took it off a minotaur in a Gauntlet)

   [ring of protection from magic]

   It affects your strength (+8).
   It protects you from negative energy.
   It affects your resistance to hostile enchantments.
 w - an amulet of magic regeneration (around neck)
 D - the ring "Muamim" {rElec rC+}
   (You found it on level 7 of the Dungeon)

   [ring of protection from cold]

   It protects you from cold.
   It insulates you from electricity.
 G - the ring of the Glimmering Coward {rC++ MR+ Str+3}
   (You bought it in a shop on level 5 of the Dungeon)

   [ring of protection from magic]

   It affects your strength (+3).
   It greatly protects you from cold.
   It affects your resistance to hostile enchantments.
 L - an uncursed ring of see invisible
 M - an uncursed ring of fire
 N - an uncursed ring of flight
Wands
 f - a wand of acid (10)
 m - a wand of flame (62)
 u - a wand of polymorph (9)
 v - a wand of enslavement (20)
 x - a wand of iceblast (32)
 B - a wand of disintegration (17)
 F - a wand of digging (17)
 X - a wand of paralysis (20)
Scrolls
 a - 6 scrolls of enchant weapon
 b - a scroll of identify
 c - 4 scrolls of enchant armour
 g - 22 scrolls of teleportation
 h - 7 scrolls of fog
 i - 5 scrolls of fear
 j - 4 scrolls of magic mapping
 q - 9 scrolls of blinking
 z - a scroll of summoning
 A - 15 scrolls of remove curse
 O - a scroll of holy word
 T - a scroll of silence
Potions
 d - 5 potions of stabbing
 e - 2 potions of cancellation
 l - 7 potions of lignification
 n - 7 potions of mutation
 o - a potion of haste {unknown}
 r - 3 potions of resistance
 H - 3 potions of berserk rage
 I - a potion of ambrosia {unknown}
 J - 6 potions of heal wounds
 K - a potion of degeneration {unknown}
 Q - 3 potions of flight
 S - 5 potions of might
 V - 7 potions of curing
Miscellaneous
 E - a condenser vane (2/2)
 P - a phial of floods


   Skills:
 * Level 19.5 Fighting
 - Level 20.6 Axes
 + Level 17.6 Armour
 + Level 16.3 Dodging
   Level 12.2 Shields


You had 17 spell levels left.
You didn't know any spells.
Your spell library was empty.

Dungeon Overview and Level Annotations

Branches:
Dungeon (14/15)            Temple (0/1) D:6            Lair (6/6) D:9
  Swamp (4/4) Lair:4        Snake (4/4) Lair:3        Slime (0/5) Lair:6
    Orc (2/2) D:10            Elf (0/3) Orc:2         IceCv (visited)
Volcano (visited)         Gauntlet (visited)
 Vaults: D:13-14

Altars:
Cheibriados
Dithmenos
Gozag
Hepliaklqana
Kikubaaqudgha
Makhleb
Nemelex Xobeh
Okawaru
Ru
Sif Muna
Trog
Uskayaw
The Shining One
Beogh
Jiyva

Shops:
D:5 =   D:8 !   D:12 ?   Orc:1 :   Orc:2 !(?(   Snake:4 !


Innate Abilities, Weirdness & Mutations

You reflexively headbutt those who attack you in melee.
You have a pair of horns on your head.
You are partially covered in slimy green scales. (AC +2)
Scrolls take you a little longer to read.
You are somewhat resistant to further mutation.
Your movements are slightly less encumbered by armour. (ER -2)


Message History

Uppercase [Y]es or [N]o only, please.
Really read with blurry vision while enemies are nearby?
The spriggan berserker barely misses you.
You furiously retaliate!
You headbutt the spriggan berserker!
The spriggan berserker barely misses you.
You furiously retaliate!
You headbutt the spriggan berserker!
You begin reading the scroll.
You continue reading the scroll.
The spriggan berserker hits you with a cursed -2 rapier!!
* * * LOW HITPOINT WARNING * * *
The elephant rages.
The spriggan berserker closely misses you.
You furiously retaliate!
You headbutt the spriggan berserker!
The spriggan berserker mumbles some strange prayers to Trog.
The death yak goes berserk!
The spriggan berserker hits you with a cursed -2 rapier!!
* * * LOW HITPOINT WARNING * * *
The spriggan berserker hits you with a +0 war axe!
* * * LOW HITPOINT WARNING * * *
The spriggan berserker hits you with a +0 hand axe!
You die...

..). ....
...♣♣♣♣
..♣♣...
#######..♣....
#..........#.#
#.h...........
+Yii......#.).
#(@iO<........
#YiiY.))...#.#
#(....#..♣....
#.....+..♣ ...
#.....#...♣ ♣♣
+.....#.....
#....C###....
###.... ####


You could see 2 death yaks, an elephant (summoned, berserk), a two-headed ogre,
5 spriggan berserkers, a cyclops and a polar bear (summoned, berserk).

Vanquished Creatures
  Mara (Swamp:3)
  Saint Roka (Snake:2)
  Nikola (Swamp:3)
  A tentacled monstrosity (Swamp:4)
  Asterion (Snake:2)
  Kirke (D:12)
  A thorn hunter (Swamp:1)
  8 nagarajas
  Roxanne (Swamp:3)
  An orc warlord (Orc:2)
  A stone giant (Orc:2)
  3 very ugly things
  A minotaur (Gauntlet)
  2 green deaths (Swamp:4)
  The ghost of looop the Spear-Bearer, a journeyman DsFi of Fedhas (Orc:2)
  A death ooze (Gauntlet)
  Josephine (Lair:6)
  An ogre mage (D:12)
  2 boulder beetles
  23 hydras
  Fannar (D:12)
  15 naga warriors
  A ghost crab (Swamp:4)
  Harold (D:7)
  13 alligators
  3 centaur warriors
  3 shambling mangroves (Swamp:2)
  5 two-headed ogres
  2 tengu warriors
  A catoblepas (Lair:5)
  15 anacondas
  A queen ant (Lair:2)
  2 thrashing horrors (Swamp:4)
  An orc high priest (Orc:2)
  14 naga sharpshooters
  4 shock serpents
  Sonja (D:12)
  2 deep elf knights (Orc:2)
  A hell knight (Volcano)
  A sixfirhy (Gauntlet)
  4 skeletal warriors (D:13)
  4 spriggan druids
  A salamander mystic (Volcano)
  3 swamp dragons
  3 sea snakes
  Pikel (D:5)
  7 naga ritualists
  A wolf spider (D:13)
  4 orc knights (Orc:2)
  10 mana vipers
  13 salamanders
  5 ugly things
  A cyclops (D:12)
  2 manticores (D:12)
  2 deep elf magi (D:12)
  2 orc sorcerers (Orc:2)
  12 elephants (Lair:6)
  6 ice statues
  2 centaur zombies
  41 black mambas
  29 naga magi
  2 torpor snails
  3 guardian serpents
  2 molten gargoyles (Volcano)
  22 cane toads
  2 centaur skeletons
  An orange demon (Swamp:4)
  7 komodo dragons
  Maggie (D:8)
  5 rime drakes
  2 efreet (D:13)
  A tengu conjurer (D:13)
  An anaconda simulacrum (IceCv)
  A freezing wraith (D:14)
  A golden dragon simulacrum (IceCv)
  5 polar bears
  6 trolls
  13 blink frogs
  5 tyrant leeches
  Prince Ribbit (D:9)
  14 hornets
  22 slime creatures
  15 bog bodies
  8 dream sheep (Lair:5)
  A large abomination (Swamp:4)
  3 shadows (Swamp:4)
  Sigmund (D:2)
  43 yaks
  5 wyverns
  3 centaur simulacra (Gauntlet)
  A dire elephant simulacrum (IceCv)
  17 spriggans
  Eustachio (D:4)
  A basilisk (Lair:6)
  3 hogs (D:12)
  5 wraiths
  8 fire bats
  A steam dragon (D:11)
  15 vampire mosquitoes
  13 swamp worms
  10 insubstantial wisps
  2 harpy simulacra (IceCv)
  44 nagas
  6 wargs
  5 soldier ants (Lair:2)
  Duvessa (D:4)
  4 hydra simulacra (IceCv)
  17 water moccasins
  2 acid dragons
  43 orc warriors
  4 swamp drakes
  5 black bears
  7 ice beasts
  2 phantoms
  A sky beast (D:13)
  A small abomination (Swamp:4)
  16 centaurs
  9 ogres
  5 boggarts (Lair:6)
  37 wolves
  A lemure (D:5)
  4 big kobolds (D:10)
  18 bullfrogs
  Dowan (D:4)
  4 gnoll sergeants
  A water moccasin zombie (D:9)
  A scorpion (D:9)
  6 killer bees
  22 wights
  10 electric eels
  4 howler monkeys
  7 lava snakes (Volcano)
  5 jellies
  2 wyvern simulacra
  A bullfrog zombie (D:6)
  A quasit (D:11)
  5 hounds
  10 orc priests
  Crazy Yiuf (D:7)
  3 iguanas
  Natasha (thrice) (D:2)
  Ijyb (D:3)
  23 orc wizards
  17 worker ants
  A bullfrog simulacrum (Gauntlet)
  A human simulacrum (D:12)
  A howler monkey zombie (D:11)
  Robin (D:3)
  8 gnolls
  A worker ant zombie (D:8)
  11 adders
  2 shadow imps
  2 white imps
  2 ufetubi (Gauntlet)
  An adder skeleton (D:5)
  An adder zombie (D:7)
  3 worms
  3 dart slugs
  2 leopard geckos
  98 orcs
  4 bat skeletons (D:2)
  2 bat zombies (D:2)
  7 giant cockroaches
  8 hobgoblins
  20 jackals
  5 quokkas
  A ball python (D:3)
  2 bats
  7 frilled lizards
  18 goblins
  3 kobolds
  A leopard gecko skeleton (D:5)
  A quokka zombie (D:8)
  7 rats
1150 creatures vanquished.

Vanquished Creatures (collateral kills)
  A thorn hunter (Swamp:2)
  2 hydras
  2 orc knights (Orc:2)
  A bog body (Swamp:1)
  5 orc warriors (Orc:2)
  2 centaurs (Orc:2)
  An orc (Orc:2)
14 creatures vanquished.

Vanquished Creatures (others)
  A human (D:12)
  A human simulacrum (D:12)
  An orc (Orc:2)
  14 demonic plants (Gauntlet)
  25 fungi
  38 plants
80 creatures vanquished.

Grand Total: 1244 creatures vanquished

Notes
Turn   | Place    | Note
-------+----------+-------------------------------------------
     0 | D:1      | Grenfur the Minotaur Berserker began the quest for the Orb.
     0 | D:1      | Reached XP level 1. HP: 19/19 MP: 0/0
   267 | D:1      | Reached XP level 2. HP: 24/27 MP: 1/1
   699 | D:2      | Found a burning altar of Makhleb.
   703 | D:2      | Found a bloodstained altar of Trog.
   705 | D:2      | Noticed Natasha
   709 | D:2      | Noticed a crimson imp
   709 | D:2      | Reached skill level 4 in Axes
   718 | D:2      | Killed Natasha
   718 | D:2      | Reached ** piety under Trog
   718 | D:2      | Reached XP level 3. HP: 10/33 MP: 2/2
   992 | D:2      | Found a snail-covered altar of Cheibriados.
  1108 | D:2      | Noticed Natasha
  1120 | D:2      | Killed Natasha
  1120 | D:2      | Reached XP level 4. HP: 14/41 MP: 3/3
  1127 | D:2      | Noticed Natasha
  1244 | D:2      | Killed Natasha
  1406 | D:2      | Found a hazy altar of Hepliaklqana.
  1434 | D:2      | Noticed Sigmund
  1450 | D:2      | Killed Sigmund
  1450 | D:2      | Reached skill level 5 in Fighting
  1450 | D:2      | Reached skill level 5 in Axes
  1450 | D:2      | Reached XP level 5. HP: 22/48 MP: 4/4
  1450 | D:2      | Reached XP level 6. HP: 25/56 MP: 5/5
  1737 | D:2      | Found an ancient bone altar of Kikubaaqudgha.
  1914 | D:3      | HP: 2/84 [wight/cursed +5 short sword (5)]
  2438 | D:3      | Found a glowing golden altar of the Shining One.
  2503 | D:3      | Reached skill level 5 in Armour
  2524 | D:3      | Reached XP level 7. HP: 57/61 MP: 6/6
  2623 | D:3      | Noticed Ijyb
  2630 | D:3      | Killed Ijyb
  2691 | D:3      | Noticed Robin
  2695 | D:3      | Reached *** piety under Trog
  2714 | D:3      | Killed Robin
  2714 | D:3      | Reached skill level 1 in Shields
  2979 | D:3      | Reached skill level 6 in Axes
  3320 | D:4      | Noticed Eustachio
  3327 | D:4      | Killed Eustachio
  3613 | D:4      | Reached skill level 5 in Dodging
  3733 | D:4      | Reached skill level 7 in Axes
  3883 | D:4      | Found a sacrificial altar of Ru.
  3903 | D:4      | Noticed a +0 dagger
  3903 | D:4      | Noticed a +0 hand axe
  3912 | D:4      | Found a hide-covered altar of Uskayaw.
  4083 | D:4      | Noticed Dowan
  4087 | D:4      | Noticed Duvessa
  4093 | D:4      | Killed Duvessa
  4093 | D:4      | Reached XP level 8. HP: 71/71 MP: 7/7
  4098 | D:4      | Killed Dowan
  4362 | D:5      | Entered Level 5 of the Dungeon
  4597 | D:5      | Found Zulirakagg's Jewellery Boutique.
  4638 | D:5      | Reached **** piety under Trog
  5013 | D:5      | Noticed Pikel
  5043 | D:5      | Killed Pikel
  5043 | D:5      | Reached skill level 8 in Axes
  5299 | D:6      | Reached XP level 9. HP: 67/79 MP: 8/8
  5535 | D:6      | Reached skill level 9 in Axes
  5955 | D:6      | Found a staircase to the Ecumenical Temple.
  6488 | D:6      | Reached skill level 5 in Shields
  6569 | D:7      | Noticed Harold
  6582 | D:7      | Killed Harold
  6582 | D:7      | Reached skill level 10 in Axes
  6693 | D:7      | Got a pitted brass ring
  6719 | D:7      | Noticed a cyan ugly thing
  6747 | D:7      | Killed a cyan ugly thing
  6750 | D:7      | Reached XP level 10. HP: 82/88 MP: 9/9
  6761 | D:7      | Reached ***** piety under Trog
  6782 | D:7      | HP: 4/89 [gnoll sergeant/+0 trident (4)]
  7296 | D:7      | Found a shimmering blue altar of Sif Muna.
  7441 | D:7      | Found a runed translucent door.
  7442 | D:7      | Noticed Crazy Yiuf
  7450 | D:7      | Killed Crazy Yiuf
  7539 | D:7      | Identified the ring "Muamim" {rElec rC+} (You found it on
                  | level 7 of the Dungeon)
  7569 | D:8      | Found Jadaiwesch's Distillery.
  7649 | D:8      | Found a shadowy altar of Dithmenos.
  7666 | D:8      | Found an opulent altar of Gozag.
  7869 | D:8      | Noticed Maggie
  7873 | D:8      | Noticed a two-headed ogre
  7879 | D:8      | Killed Maggie
  7883 | D:8      | Reached skill level 11 in Axes
  7884 | D:8      | Killed a two-headed ogre
  8030 | D:8      | Found a sparkling altar of Nemelex Xobeh.
  8326 | D:8      | Found a sparkling altar of Nemelex Xobeh.
  8439 | D:9      | Noticed a purple ugly thing
  8444 | D:9      | Killed a purple ugly thing
  8604 | D:9      | Reached XP level 11. HP: 79/97 MP: 10/10
  8617 | D:9      | Reached skill level 12 in Axes
  8769 | D:9      | Found a staircase to the Lair.
  8895 | D:9      | Noticed Prince Ribbit
  8915 | D:9      | Killed Prince Ribbit
  8927 | D:9      | Received a gift from Trog
  9287 | D:10     | Entered Level 10 of the Dungeon
  9391 | D:10     | Found a staircase to the Orcish Mines.
  9988 | D:10     | Reached skill level 10 in Fighting
 10940 | D:11     | Reached skill level 13 in Axes
 11214 | D:11     | Received a gift from Trog
 11214 | D:11     | Reached skill level 10 in Armour
 11499 | D:11     | Gained mutation: Your movements are slightly less
                  | encumbered by armour. (ER -2) [potion of mutation]
 11499 | D:11     | Gained mutation: Scrolls take you a little longer to read.
                  | [potion of mutation]
 11499 | D:11     | Gained mutation: You are somewhat resistant to further
                  | mutation. [potion of mutation]
 11499 | D:11     | Gained mutation: You are partially covered in slimy green
                  | scales. (AC +2) [potion of mutation]
 11712 | Lair:1   | Entered Level 1 of the Lair of Beasts
 12072 | Lair:1   | Found a dark tunnel.
 12082 | Volcano  | Entered a volcano
 12528 | Volcano  | Reached XP level 12. HP: 90/107 MP: 2/11
 12653 | Volcano  | Found a bloodstained altar of Trog.
 12871 | Lair:1   | Reached skill level 14 in Axes
 13333 | Lair:2   | Noticed a seven-headed hydra
 13341 | Lair:2   | Killed a seven-headed hydra
 13470 | Lair:2   | Noticed a queen ant
 13481 | Lair:2   | Killed a queen ant
 13758 | Lair:2   | Reached skill level 10 in Dodging
 14659 | Lair:3   | Reached skill level 10 in Shields
 15127 | Lair:3   | Found a staircase to the Snake Pit.
 15718 | Lair:4   | Found a staircase to the Swamp.
 15867 | Lair:4   | Reached XP level 13. HP: 115/116 MP: 4/12
 15886 | Lair:4   | Reached skill level 15 in Axes
 17250 | Lair:5   | Received a gift from Trog
 17255 | Lair:5   | Got a glimmering war axe {god gift}
 17256 | Lair:5   | Identified the +1 war axe "Wutewod" {vorpal, Str+3} (Trog
                  | gifted it to you on level 5 of the Lair of Beasts)
 18354 | Lair:6   | Entered Level 6 of the Lair of Beasts
 18845 | Lair:6   | Noticed Josephine
 18857 | Lair:6   | Killed Josephine
 18872 | Lair:6   | Reached skill level 16 in Axes
 19501 | Lair:6   | Found a viscous altar of Jiyva.
 19502 | Lair:6   | Found a staircase to the Slime Pits.
 19674 | Lair:6   | Reached ****** piety under Trog
 19735 | Lair:6   | Reached XP level 14. HP: 127/127 MP: 13/13
 20000 | Lair:6   | Received a gift from Trog
 21224 | D:12     | Noticed Kirke
 21238 | D:12     | Killed Kirke
 21247 | D:12     | Reached skill level 17 in Axes
 21539 | D:12     | You fall into a shaft and drop 1 floor!
 21590 | D:13     | Found a gate leading to a gauntlet.
 21596 | Gauntlet | Entered a Gauntlet
 21596 | Gauntlet | Found a transporter.
 21607 | Gauntlet | Found a transporter.
 21609 | Gauntlet | Found a transporter.
 21609 | Gauntlet | Found a transporter.
 21625 | Gauntlet | Found a transporter.
 21641 | Gauntlet | Found a transporter.
 21645 | Gauntlet | Found a large runed translucent door.
 21645 | Gauntlet | Found a large runed translucent door.
 21647 | Gauntlet | Found a large runed translucent door.
 21647 | Gauntlet | Found a large runed translucent door.
 21647 | Gauntlet | Found a large runed translucent door.
 21648 | Gauntlet | Found a runed translucent door.
 21649 | Gauntlet | Found a transporter.
 21650 | Gauntlet | Found a runed translucent door.
 21651 | Gauntlet | Found a large runed translucent door.
 21651 | Gauntlet | Found a large runed translucent door.
 21651 | Gauntlet | Found a large runed translucent door.
 21652 | Gauntlet | Found a large runed translucent door.
 21653 | Gauntlet | Found a large runed translucent door.
 21658 | Gauntlet | Found a large runed translucent door.
 21658 | Gauntlet | Found a large runed translucent door.
 21659 | Gauntlet | Found a large runed translucent door.
 21659 | Gauntlet | Found a large runed translucent door.
 21659 | Gauntlet | Found a large runed translucent door.
 21659 | Gauntlet | Found a large runed translucent door.
 21663 | Gauntlet | Found a runed translucent gate.
 21663 | Gauntlet | Found a runed translucent gate.
 21663 | Gauntlet | Found a runed translucent gate.
 21665 | Gauntlet | Found a transporter.
 21684 | Gauntlet | Found a transporter.
 21696 | Gauntlet | Found a transporter.
 21696 | Gauntlet | Noticed a reaper
 21708 | Gauntlet | Found a transporter.
 21714 | Gauntlet | Found a transporter.
 21732 | Gauntlet | Found a transporter.
 21732 | Gauntlet | Identified the amulet of the Devouring Sybil {Faith Str+3}
 21732 | Gauntlet | Noticed an entropy weaver
 21752 | Gauntlet | Found a transporter.
 21754 | Gauntlet | Found a transporter.
 21774 | Gauntlet | Found a transporter.
 21792 | Gauntlet | Found a transporter.
 21814 | Gauntlet | Found a transporter.
 21970 | Gauntlet | Got a shimmering hat
 22148 | Gauntlet | Identified the cursed +0 hat "Geaqixzu" {rC+} (You found it
                  | in a Gauntlet)
 22184 | Gauntlet | Identified the +5 shortbow "Zaron" {flame, rElec rF+}
 22184 | Gauntlet | Identified the ring of Heresy {rN+ MR+ Str+8}
 22265 | Gauntlet | Got a translucent battleaxe
 22272 | Gauntlet | Identified the +12 battleaxe of the Badger {speed, rC+
                  | Str+6 Dex-4} (You found it in a Gauntlet)
 22527 | D:12     | Noticed Fannar
 22532 | D:12     | Killed Fannar
 22840 | D:12     | Noticed Sonja
 22849 | D:12     | Killed Sonja
 22995 | D:12     | Found Paxemuont's Magic Scroll Emporium.
 23200 | Orc:1    | Entered Level 1 of the Orcish Mines
 23380 | Orc:2    | Entered Level 2 of the Orcish Mines
 23697 | Orc:2    | Found a runed translucent gate.
 23698 | Orc:2    | Found a runed translucent gate.
 23699 | Orc:2    | Found a runed translucent gate.
 23699 | Orc:2    | Noticed a stone giant
 23701 | Orc:2    | Noticed looop's ghost (journeyman DsFi)
 23704 | Orc:2    | Found a staircase to the Elven Halls.
 23715 | Orc:2    | Found an iron altar of Okawaru.
 23733 | Orc:2    | Killed looop's ghost
 23734 | Orc:2    | Killed a stone giant
 23734 | Orc:2    | Reached XP level 15. HP: 136/136 MP: 14/14
 23894 | Orc:2    | Found a roughly hewn altar of Beogh.
 23906 | Orc:2    | Reached skill level 18 in Axes
 24137 | Orc:2    | Noticed an orc warlord
 24170 | Orc:2    | Killed an orc warlord
 24435 | Orc:2    | Received a gift from Trog
 24944 | Orc:2    | Found Akkori's Magic Scroll Boutique.
 24944 | Orc:2    | Found Ashuqep's Weapon Shoppe.
 24946 | Orc:2    | Found Hoivint's Distillery.
 24948 | Orc:2    | Found Xustan's Weapon Shop.
 25090 | D:5      | Bought the ring of the Glimmering Coward {rC++ MR+ Str+3}
                  | for 725 gold pieces
 25253 | Swamp:1  | Entered Level 1 of the Swamp
 26005 | Swamp:1  | Noticed a thorn hunter
 26012 | Swamp:1  | Killed a thorn hunter
 26535 | Swamp:1  | Found an ancient bone altar of Kikubaaqudgha.
 27195 | Swamp:2  | Reached skill level 19 in Axes
 27238 | Swamp:2  | Received a gift from Trog
 27279 | Swamp:2  | Found a frozen archway.
 27294 | IceCv    | Entered an ice cave
 28132 | IceCv    | Got a shimmering jade ring
 28215 | IceCv    | Identified the ring of Sogguto {Int+4 Stlth-} (You found it
                  | in an ice cave)
 28380 | Swamp:2  | Reached XP level 16. HP: 147/147 MP: 15/15
 28766 | Swamp:2  | Got a clouded marble ring
 28845 | Swamp:2  | Got a scintillating granite ring
 28934 | Swamp:2  | Identified the ring of Myhaimor {AC+4 Slay+3} (You found it
                  | on level 2 of the Swamp)
 28936 | Swamp:2  | Identified the ring of Xom's Malicious Joy {rF+ MR+ Int+3
                  | Dex+3} (You found it on level 2 of the Swamp)
 28946 | Swamp:2  | Upgraded the game from 0.26-a0-661-g406de6ba63 to
                  | 0.26-a0-662-g8b9c6dab81
 28964 | Swamp:3  | Noticed Nikola
 28993 | Swamp:3  | Killed Nikola
 28995 | Swamp:3  | Noticed a thorn hunter
 29009 | Swamp:2  | Killed a thorn hunter
 29563 | Swamp:3  | Reached skill level 15 in Fighting
 30020 | Swamp:3  | Noticed Mara
 30027 | Swamp:3  | Noticed Grenfur's illusion
 30038 | Swamp:3  | Killed Mara
 30038 | Swamp:3  | Reached skill level 20 in Axes
 30038 | Swamp:3  | Reached skill level 15 in Armour
 30264 | Swamp:3  | Identified Roxanne's Compendium of Transformation
 30264 | Swamp:3  | Noticed Roxanne
 30427 | Swamp:3  | Killed Roxanne
 30427 | Swamp:3  | Received a gift from Trog
 30595 | Swamp:4  | Entered Level 4 of the Swamp
 32579 | Swamp:4  | Noticed a tentacled monstrosity
 32589 | Swamp:4  | Killed a tentacled monstrosity
 32591 | Swamp:4  | Reached XP level 17. HP: 157/157 MP: 16/16
 32743 | Swamp:4  | Got a decaying rune of Zot
 33392 | Snake:1  | Entered Level 1 of the Snake Pit
 35061 | Snake:2  | Noticed Saint Roka
 35080 | Snake:2  | Killed Saint Roka
 35947 | Snake:2  | Reached skill level 15 in Dodging
 36220 | Snake:2  | Noticed Asterion
 36240 | Snake:2  | Killed Asterion
 36853 | Snake:2  | Received a gift from Trog
 38952 | Snake:3  | Received a gift from Trog
 38961 | Snake:3  | Reached XP level 18. HP: 166/172 MP: 17/17
 40143 | Snake:4  | Entered Level 4 of the Snake Pit
 40143 | Snake:4  | Found Ugauhuetz's Distillery.
 40361 | Snake:4  | Bought a potion of curing for 45 gold pieces
 40361 | Snake:4  | Bought a potion of heal wounds for 75 gold pieces
 40361 | Snake:4  | Bought a potion of heal wounds for 75 gold pieces
 41249 | Snake:4  | Received a gift from Trog
 41840 | Snake:4  | Got a serpentine rune of Zot
 42412 | Orc:1    | You fall into a shaft and drop 1 floor!
 42440 | Orc:2    | Bought a potion of heal wounds for 65 gold pieces
 42443 | Orc:2    | Bought a scroll of acquirement for 780 gold pieces
 42443 | Orc:2    | Bought a scroll of blinking for 112 gold pieces
 42446 | Orc:2    | Acquired 971 gold pieces
 42569 | Orc:1    | Found Zaetug's Book Shop.
 43807 | D:14     | Found the +8 Wrath of Trog {antimagic, *Rage}
 43827 | D:14     | HP: 7/176 [spriggan berserker/+0 war axe (9)]
 43827 | D:14     | Slain by a spriggan berserker

Illustrated notes

Levels and vault maps discovered:
D:1:      saegor_arrival_simple_a, layout_basic
D:2:      layout_basic, kennysheep_vampire_church, old_standard_altar,
          lemuel_round_altar, chequers_temple_overflow_statue_of_worship,
          chequers_serial_rivers_micro_e, uniq_sigmund, uniq_natasha
D:3:      layout_loops_ring, nicolae_tso_swordbearing_angel, patterned_corridor,
          uniq_ijyb, uniq_robin
D:4:      layout_loops_ring, overflow_temple_1_default, dancing_weapons_uskayaw,
          hangedman_decor_riveting, uniq_eustachio, uniq_duvessa
D:5:      layout_basic, serial_shops, shop, minmay_manual_maat, uniq_pikel
D:6:      layout_rooms, minmay_temple_entry_crystal_x
D:7:      layout_rooms, kennysheep_mini_moat, uniq_harold,
          uniq_crazy_yiuf_cottage
D:8:      layout_rooms, nicolae_gozag_cash_rules_everything_around_me,
          nicolae_dithmenos_shadow_blocks, nemelex_altar_shiori, serial_shops,
          shop, hangedman_decor_slide_cut, nemelex_diamond_rough_becter,
          uniq_maggie
D:9:      layout_basic, lair_entry_dummy, uniq_prince_ribbit1
D:10:     layout_irregular_city, kennysheep_orc_monster_closet_entryway
D:11:     layout_roguey, feat_on_display
D:12:     minmay_cut_squares, layout_basic, serial_shops, shop,
          bh_circular_ruins, uniq_kirke, uniq_sonja, uniq_fannar
D:13:     layout_roguey, gauntlet_entry_generic
D:14:     layout_gridville, erik_vaults_2, infiniplex_staircase_zigzag_1,
          serial_park_tiny_2, minmay_guarded_unrand_wrath_of_trog
Lair:1:   layout_chaotic_city, nicolae_volcano_entry_batcave,
          dpeg_stationary_puzzle
Lair:2:   layout_chaotic_city, wad_woods_antlair
Lair:3:   layout_cave_shapes, dummy_snake_entry, grunt_megastairs_5
Lair:4:   layout_regular_city, swamp_mist_pool, minivault_11
Lair:5:   layout_layer_cave
Lair:6:   minmay_lair_end_enchanted_forest, layout_gridlike,
          dpeg_slime_entry_enclosed_altar, infiniplex_staircase_pool,
          lemuel_fruit_fields, uniq_josephine
Swamp:1:  layout_basic_swamp, wheals_swamp_sinkhole, grunt_ruined_hall,
          infiniplex_staircase_pool_2
Swamp:2:  layout_basic_swamp, portal_ice_cave_entry_ice_statue_one,
          evilmike_swamp_ruin_house_4
Swamp:3:  layout_basic_swamp, evilmike_swamp_ruin_house_5, swamp_pool3,
          uniq_nikola, uniq_roxanne, uniq_mara
Swamp:4:  swamp_vile, layout_basic_swamp, swamp_pool1
Snake:1:  layout_basic, guppyfry_snake_island
Snake:2:  hangedman_cross_stitches, layout_chambers, lemuel_fruit_tree,
          serial_bayou_shore_a, uniq_saint_roka, uniq_asterion
Snake:3:  layout_chambers
Snake:4:  minmay_snake_end_coiled, layout_misc_corridors, serial_shops,
          shop_fountains
Orc:1:    layout_caves, serial_shops, shop
Orc:2:    st_orc_rangers, layout_caves, gammafunk_ghost_fury_of_okawaru,
          kennysheep_orc_chapel

Skill      XL: |  1  2  3  4  5  6  7  8  9 10 11 12 13 14 15 16 17 18 |
---------------+-------------------------------------------------------+-----
Fighting       | 4 5 6 7 8 9 10 11 12 13 14 15 18 19 | 19.5
Axes           | 4 5 7 8 10 11 13 14 16 17 19 20 | 20.6
Armour         | 3 4 5 6 7 9 10 11 12 13 14 15 16 17 | 17.6
Dodging        | 3 4 5 6 7 8 9 10 11 12 13 14 15 16 | 16.3
Shields        | 2 4 6 7 8 10 11 12 | 12.2

Action                   |  1- 3 |  4- 6 |  7- 9 | 10-12 | 13-15 | 16-18 || total
-------------------------+-------+-------+-------+-------+-------+-------++-------
Melee: Hand axe          |    60 |    92 |   345 |       |       |       ||   497
       Headbutt          |     7 |    15 |    94 |   185 |   258 |   234 ||   793
       War axe           |       |       |    57 |   812 |   570 |       ||  1439
       Battleaxe         |       |       |       |       |   406 |   945 ||  1351
Invok: Berserk           |     1 |     4 |     7 |     9 |     8 |     7 ||    36
       Trog's Hand       |       |     2 |     1 |     2 |     6 |    10 ||    21
       Brothers in Arms  |       |       |       |       |     3 |     3 ||     6
Evoke: Wand              |       |       |       |     6 |    40 |    28 ||    74
  Use: Scroll            |       |       |       |    10 |    18 |     9 ||    37
       Potion            |       |       |       |     3 |       |     5 ||     8
Armor: Animal skin       |    18 |     8 |       |       |       |       ||    26
       Chain mail        |       |    31 |   139 |    52 |       |       ||   222
       Plate armour      |       |       |       |   275 |   439 |   408 ||  1122
Dodge: Dodged            |    44 |    47 |    86 |   278 |   575 |   592 ||  1622
Block: Kite shield       |       |     9 |   193 |   463 |   334 |       ||   999

Table legend: (Time is in decaauts)
 A = Elapsed time spent in this place.
 B = Non-inter-level travel time spent in this place.
 C = Inter-level travel time spent in this place.
 D = Time resting spent in this place.
 E = Time spent auto-exploring this place.
 F = Levels seen in this place.
 G = Mean time per level.
                   A        B        C        D        E       F      G
               +--------+--------+--------+--------+--------+-----+--------+
         Total |  43720 |  42043 |   1677 |  17634 |  14693 |  33 | 1324.8 |
       Dungeon |  14599 |  13805 |    794 |   4866 |   5444 |  14 | 1042.8 |
          Lair |   8444 |   8065 |    379 |   2687 |   3865 |   6 | 1407.3 |
         Swamp |   7398 |   7218 |    180 |   3541 |   2286 |   4 | 1849.5 |
     Snake Pit |   8585 |   8381 |    204 |   4274 |   2454 |   4 | 2146.2 |
  Orcish Mines |   2320 |   2202 |    118 |    911 |    613 |   2 | 1160.0 |
      Ice Cave |    885 |    885 |      0 |    706 |      0 |   1 |  885.0 |
       Volcano |    806 |    806 |      0 |    446 |     30 |   1 |  806.0 |
      Gauntlet |    681 |    681 |      0 |    201 |      0 |   1 |  681.0 |
               +--------+--------+--------+--------+--------+-----+--------+

Top non-repeatable levels by time:
 Snake:3: 2616 daAuts
 Snake:2: 2458 daAuts
 Swamp:4: 2346 daAuts
  Lair:6: 2189 daAuts
  Lair:5: 2009 daAuts
 Swamp:1: 2005 daAuts
   Orc:2: 1819 daAuts
 Swamp:3: 1797 daAuts
 Snake:4: 1783 daAuts
 Snake:1: 1727 daAuts
     D:6: 1669 daAuts
    D:10: 1548 daAuts
  Lair:3: 1477 daAuts
    D:12: 1412 daAuts
     D:3: 1409 daAuts
